 Dungeon Sprint DCSS version 0.22.0-13-g43fe8f2 (webtiles) character file.

255 poirepourri the Martial Artist (level 10, -11/108 HPs)
             Began as a Grey Draconian Transmuter on Aug 16, 2018.
             Was an Initiate of Gozag.
             Mangled by a wolf spider (14 damage)
             ... in the Dungeon (Sprint VI: "Thunderdome").
             The game lasted 00:05:13 (873 turns).

poirepourri the Martial Artist (DrTm)                Turns: 873, Time: 00:05:14

Health: -11/108    AC:  6    Str: 15    XL:     10   Next: 65%
Magic:  19/23      EV: 13    Int: 14    God:    Gozag
Gold:   75         SH:  0    Dex: 17    Spells: 13/28 levels left

rFire    x . .     SeeInvis .     - Unarmed
rCold    + + +     Gourm    .   (shield currently unavailable)
rNeg     + + +     Faith    .   (armour unavailable)
rPois    +         Spirit   .   (helmet currently unavailable)
rElec    +         Reflect  .   (cloak currently unavailable)
rCorr    .         Harm     +   (gloves currently unavailable)
MR       .....     NoTele   +   (boots currently unavailable)
Stlth    ++++......             m - amulet of Pragmatism {Harm *Drain rElec}
HPRegen  0.28/turn              o - ring "Fyapag" {Wiz *Contam rN+ Dex+3 Stlth+}
MPRegen  0.18/turn              p - ring "Ganijaor" {*Corrode rN++ Str+2 Slay+2 Stlth+}

@: ice-form
A: large, (walk through water), unfitting armour, AC +12
}: 1/15 runes: serpentine
a: End Transformation, Potion Petition, Call Merchant, Bribe Branch, Renounce
Religion


You were in the Dungeon.
You worshipped Gozag.
Gozag was noncommittal.
You were not hungry.
You were a creature of crystalline ice.
You visited 1 branch You collected 1733 gold pieces.
You spent 1274 gold pieces at shops.
You paid 384 gold pieces to Gozag.

Inventory:

Missiles
 a - 6 arrows
Armour
 h - the +1 pair of boots "Dilij" (melded) {rElec rPois MR++ Int-2}
   (You bought it in a shop in the Dungeon)

   It affects your intelligence (-2).
   It insulates you from electricity.
   It protects you from poison.
   It affects your resistance to hostile enchantments.
Jewellery
 m - the amulet of Pragmatism (around neck) {Harm *Drain rElec}
   (You bought it in a shop in the Dungeon)

   [amulet of harm]

   It increases damage dealt and taken.
   It insulates you from electricity.
   It causes draining when unequipped.
 n - the ring of Fatigue {rF+ MR+ MP+9 Int-5 Slay+6}
   (You bought it in a shop in the Dungeon)

   [ring of protection from magic]

   It affects your intelligence (-5).
   It affects your accuracy and damage with ranged weapons and melee attacks
   (+6).
   It protects you from fire.
   It affects your resistance to hostile enchantments.
   It affects your magic capacity (+9).
 o - the ring "Fyapag" (left front paw) {Wiz *Contam rN+ Dex+3 Stlth+}
   (You bought it in a shop in the Dungeon)

   [ring of wizardry]

   It improves your spell success rate.
   It affects your dexterity (+3).
   It protects you from negative energy.
   It causes magical contamination when unequipped.
   It makes you more stealthy.
 p - the ring "Ganijaor" (right front paw) {*Corrode rN++ Str+2 Slay+2 Stlth+}
   (You bought it in a shop in the Dungeon)

   [ring of stealth]

   It affects your strength (+2).
   It affects your accuracy and damage with ranged weapons and melee attacks
   (+2).
   It greatly protects you from negative energy.
   It may corrode you when you take damage.
   It makes you more stealthy.
Wands
 e - a wand of clouds (6)
 j - a wand of acid (2)
 k - a wand of iceblast (5)
Scrolls
 i - 4 scrolls of blinking
 l - 3 scrolls of fog
Potions
 b - 2 potions of resistance
 c - 4 potions of heal wounds
 d - a potion of curing
 f - 4 potions of haste
 g - 2 potions of magic


   Skills:
 - Level 8.4 Fighting
 - Level 5.5 Dodging
 + Level 13.9 Unarmed Combat
 - Level 9.6 Spellcasting
 - Level 11.7 Transmutations


You had 13 spell levels left.
You knew the following spells:

 Your Spells              Type           Power        Failure   Level  Hunger
a - Beastly Appendage     Tmut           #####.       1%          1    None
b - Sticks to Snakes      Tmut           #####...     1%          2    None
c - Spider Form           Tmut/Pois      ###.......   1%          3    #......
d - Blade Hands           Tmut           #####.....   1%          5    #####..
e - Ice Form              Ice/Tmut       ###.....     4%          4    ###....

Your spell library contained the following spells:

 Spells                   Type           Power        Failure   Level  Hunger


Dungeon Overview and Level Annotations

Branches:
Dungeon (1/1)

Altars:
Cheibriados
Dithmenos
Fedhas
Gozag
Kikubaaqudgha
Makhleb
Okawaru
Qazlal
Ru
Sif Muna
Trog
Uskayaw
Vehumet
Wu Jian
Xom
Yredelemnul
Zin
The Shining One
Beogh
Jiyva
Lugonu

Shops:
D *[%??*?*:[((!!!!


Innate Abilities, Weirdness & Mutations

((You can walk through water.))
((Your dull iron-grey scales are very hard. (AC +12)))
You cannot fit into any form of body armour.
((You can survive without breathing.))
((You are cold-blooded and may be slowed by cold attacks.))


Message History

You are too injured to fight recklessly!
You are too injured to fight recklessly!
You are too injured to fight recklessly!
You are too injured to fight recklessly!
You are too injured to fight recklessly!
You are too injured to fight recklessly!
Unknown command.
The jumping spider leaps!
The redback bites you. The wolf spider hits you!
* * * LOW HITPOINT WARNING * * *
The wolf spider bites you.
* * * LOW HITPOINT WARNING * * *
The jumping spider completely misses you.
The jumping spider bites you but does no damage.
The tarantella bites you.
* * * LOW HITPOINT WARNING * * *
The wolf spider hits you!
* * * LOW HITPOINT WARNING * * *
The wolf spider bites you!
You die...
Your body crumbles into a pile of gold.

##### ##§§⌠## #.....#
##...ss## ##∩...ssY##
#∩.....ss∩# #_......§_#
#_........# #_......._#
###....s....###
#⌠...........§#
######.8).......s8.######
##∩.__......###......___∩##


You could see a demonic crawler, a wolf spider, 2 jumping spiders, 2 tarantellas
and 2 redbacks.

Vanquished Creatures
  A naga warrior (D)
  Aizul (D)
  2 guardian mummies (D)
  Sigmund (D)
  Menkaure (D)
  2 phantoms (D)
  3 necrophages (D)
  A wight (D)
  5 jellies (D)
  Terence (D)
  2 mummies (D)
  A leopard gecko (D)
  A bat skeleton (D)
  A kobold (D)
23 creatures vanquished.

Notes
Turn   | Place    | Note
-------+----------+-------------------------------------------
     0 | D        | poirepourri the Draconian Transmuter began the quest for the Orb.
     0 | D        | Reached XP level 1. HP: 16/16 MP: 3/3
     3 | D        | Found a shadowy altar of Dithmenos.
     3 | D        | Found a viscous altar of Jiyva.
     4 | D        | Found a hide-covered altar of Uskayaw.
     4 | D        | Found a corrupted altar of Lugonu.
     5 | D        | Found an ancient bone altar of Kikubaaqudgha.
     5 | D        | Round 1.
     6 | D        | Found Ommued's Delicious Food.
     6 | D        | Found an iron altar of Okawaru.
     6 | D        | Found an opulent altar of Gozag.
     6 | D        | Found a deep blue altar of Sif Muna.
     6 | D        | Found Ohaipime's Identification Station.
     7 | D        | Found Yty Corph's Jewellery.
     7 | D        | Found Meriteyd's Advanced Armour.
    15 | D        | Bought a translucent sapphire amulet for 45 gold pieces
    15 | D        | Bought an ancient amber ring for 45 gold pieces
    15 | D        | Bought a flickering bronze ring for 45 gold pieces
    15 | D        | Identified the ring "Fyapag" {Wiz *Contam rN+ Dex+3 Stlth+} (You bought it in a shop in the Dungeon)
    16 | D        | Identified the ring of Fatigue {rF+ MR+ MP+9 Int-5 Slay+6} (You bought it in a shop in the Dungeon)
    17 | D        | Bought an ancient tin ring for 45 gold pieces
    17 | D        | Identified the amulet of Pragmatism {Harm *Drain rElec} (You bought it in a shop in the Dungeon)
    19 | D        | Identified the ring "Ganijaor" {*Corrode rN++ Str+2 Slay+2 Stlth+} (You bought it in a shop in the Dungeon)
    81 | D        | Noticed Sigmund
    85 | D        | Killed Sigmund
    85 | D        | Reached XP level 2. HP: 23/23 MP: 3/12
    85 | D        | Reached XP level 3. HP: 28/28 MP: 3/14
    85 | D        | Reached XP level 4. HP: 35/35 MP: 3/15
    85 | D        | Reached XP level 5. HP: 40/40 MP: 3/17
    86 | D        | Noticed Terence
    90 | D        | Learned a level 2 spell: Sticks to Snakes
    94 | D        | Learned a level 3 spell: Spider Form
   105 | D        | Killed Terence
   110 | D        | Found Isoudann's Magic Scroll Shop.
   125 | D        | Arena points: 12 (+12) [x2]
   130 | D        | Found a sacrificial altar of Ru.
   130 | D        | Found a basalt altar of Yredelemnul.
   130 | D        | Found Mepawus's Staff Store.
   131 | D        | Found Kunkyek's Magic Scroll Shop.
   131 | D        | Found Onkaci's Must-Have Magic.
   134 | D        | Found a stormy altar of Qazlal.
   135 | D        | Found a radiant altar of Vehumet.
   136 | D        | Found a blossoming altar of Fedhas.
   137 | D        | Found Bostaceg's Distillery.
   137 | D        | Found a roughly hewn altar of Beogh.
   137 | D        | Found a shimmering altar of Xom.
   137 | D        | Found a glowing golden altar of the Shining One.
   137 | D        | Found Qyub's Do-It-Yourself Clinic.
   149 | D        | Found a snail-covered altar of Cheibriados.
   150 | D        | Found a burning altar of Makhleb.
   153 | D        | Became a worshipper of Gozag Ym Sagoz the Greedy
   156 | D        | Found Qoxepof's Premium Goods.
   157 | D        | Found Qaruwo's Miscellaneous Merchandise.
   157 | D        | Found Haniec's Basic Armour.
   158 | D        | Found a bloodstained altar of Trog.
   158 | D        | Found a glowing silver altar of Zin.
   158 | D        | Found an ornate altar of the Wu Jian Council.
   158 | D        | Found Plog's Weapon Rack.
   163 | D        | Round 2.
   166 | D        | Found Qeabo's Bottled Wisdom.
   166 | D        | Found Ogeomodgh's Distillery.
   186 | D        | Noticed a necrophage
   195 | D        | Killed a necrophage
   196 | D        | Reached XP level 6. HP: 21/47 MP: 10/18
   259 | D        | Reached skill level 10 in Transmutations
   293 | D        | Arena points: 54 (+42) [x3]
   293 | D        | Your scales start taking on a dull iron-grey colour.
   293 | D        | Reached XP level 7. HP: 20/51 MP: 17/20
   293 | D        | Gained mutation: You can survive without breathing. [Grey Draconian growth]
   329 | D        | Learned a level 5 spell: Blade Hands
   334 | D        | Learned a level 4 spell: Ice Form
   337 | D        | Round 3.
   343 | D        | Reached skill level 4 in Unarmed Combat
   364 | D        | Reached skill level 5 in Unarmed Combat
   372 | D        | Bought 3 potions of heal wounds for 105 gold pieces
   372 | D        | Bought 3 potions of heal wounds for 105 gold pieces
   374 | D        | Bought a potion of experience for 300 gold pieces
   374 | D        | Reached XP level 8. HP: 50/74 MP: 15/21
   391 | D        | Arena points: 126 (+72) [x4]
   404 | D        | Round 4.
   406 | D        | Bought a potion of curing for 21 gold pieces
   407 | D        | Bought a potion of curing for 21 gold pieces
   504 | D        | Noticed Menkaure
   515 | D        | Killed Menkaure
   515 | D        | Reached skill level 7 in Unarmed Combat
   516 | D        | Noticed a guardian mummy
   516 | D        | Noticed a guardian mummy
   521 | D        | Killed a guardian mummy
   521 | D        | Reached skill level 8 in Unarmed Combat
   529 | D        | Killed a guardian mummy
   529 | D        | Reached skill level 10 in Unarmed Combat
   529 | D        | Reached XP level 9. HP: 37/82 MP: 15/22
   571 | D        | Arena points: 150 (+24) [x1]
   586 | D        | Round 5.
   587 | D        | Noticed a naga warrior
   605 | D        | Killed a naga warrior
   605 | D        | Reached skill level 12 in Unarmed Combat
   621 | D        | Noticed a black mamba
   628 | D        | Bought a pair of jewelled boots for 332 gold pieces
   633 | D        | Identified the +1 pair of boots "Dilij" {rElec rPois MR++ Int-2} (You bought it in a shop in the Dungeon)
   636 | D        | Noticed Aizul
   654 | D        | Killed Aizul
   654 | D        | Arena points: 255 (+105) [x3]
   654 | D        | Reached skill level 13 in Unarmed Combat
   658 | D        | Got a serpentine rune of Zot
   659 | D        | Reached skill level 5 in Dodging
   659 | D        | Reached XP level 10. HP: 17/90 MP: 18/23
   671 | D        | Bought 3 potions of heal wounds for 105 gold pieces
   671 | D        | Bought 3 potions of heal wounds for 105 gold pieces
   867 | D        | Round 6.
   868 | D        | Noticed a wolf spider
   873 | D        | HP: 3/108 [wolf spider (19)]
   873 | D        | Mangled by a wolf spider

Skill      XL: |  1  2  3  4  5  6  7  8  9 |
---------------+----------------------------+-----
Spellcasting   | 9 |  9.6
Transmutations | 8 11 | 11.7
Unarmed Combat | 5 10 13 | 13.9
Fighting       | 8 |  8.4
Dodging        | 5 |  5.5

Action                   |  1- 3 |  4- 6 |  7- 9 | 10-12 || total
-------------------------+-------+-------+-------+-------++-------
Melee: Unarmed           |       |    57 |    31 |     4 ||    92
       Tailslap          |       |     3 |     3 |       ||     6
       Kick              |       |     3 |       |       ||     3
       Punch             |       |       |     1 |       ||     1
 Cast: Spider Form       |       |     3 |       |       ||     3
       Sticks to Snakes  |       |     3 |       |       ||     3
       Beastly Appendage |       |     2 |     1 |       ||     3
       Blade Hands       |       |       |     5 |       ||     5
       Ice Form          |       |       |     2 |     1 ||     3
Invok: Potion Petition   |       |       |     2 |       ||     2
Evoke: Wand              |     2 |     1 |       |       ||     3
  Use: Potion            |       |     4 |    11 |     2 ||    17
  Eat: Ration            |       |       |     1 |       ||     1
Armor: Skin              |       |     8 |     5 |     2 ||    15
Dodge: Dodged            |       |    50 |     7 |     5 ||    62
